 Dungeon Crawl Stone Soup version 0.30-a0-341-g682706514a (webtiles) character file.

Game seed: 1684142449514972544

86 Harunobu the Trooper (level 4, 0/29 HPs)
             Began as a Gargoyle Monk on Nov 1, 2022.
             Slain by an orc
             ... wielding a +4 flail
              (4 damage)
             ... on level 2 of the Dungeon.
             The game lasted 00:04:24 (1934 turns).

Harunobu the Trooper (Gargoyle Monk)                Turns: 1934, Time: 00:04:25

Health: 0/29       AC: 14    Str: 16    XL:     4   Next: 49%
Magic:  4/4        EV:  5    Int: 11    God:
Gold:   57         SH:  0    Dex: 18    Spells: 3/3 levels left

rFire   . . .      SeeInvis .    d - +1 dagger (vamp)
rCold   . . .      Faith    .    (no shield)
rNeg    + . .      Spirit   .    i - +0 plate armour
rPois   ∞          Reflect  .    (no helmet)
rElec   +          Harm     .    (no cloak)
rCorr   .          Rampage  .    m - +0 pair of gloves
Will    .....                    (no boots)
Stlth   ..........               (no amulet)
HPRegen 0.24/turn                l - +6 ring of dexterity
MPRegen 0.09/turn                (no ring)

@: confused
A: sickness immunity, AC +3, negative energy resistance 1, electricity
resistance, torment resistance 1, petrification resistance
a: no special abilities


You were on level 2 of the Dungeon.
You visited 1 branch of the dungeon, and saw 3 of its levels.

You collected 57 gold pieces.

Inventory:

Hand Weapons
 a - a +0 mace
 d - a +1 vampiric dagger (weapon)
 g - a +0 dagger of venom
Armour
 b - a +0 robe
 i - a +0 plate armour (worn)
 m - a +0 pair of gloves (worn)
Jewellery
 l - a +6 ring of dexterity (left hand)
Scrolls
 e - 3 scrolls of teleportation {unknown}
 f - 5 scrolls of identify {unknown}
 h - a scroll of butterflies {unknown}
 j - a scroll of enchant weapon {unknown}
 k - 2 scrolls of amnesia {unknown}
 n - a scroll of brand weapon {unknown}
Potions
 c - a potion of ambrosia
 o - 2 potions of lignification {unknown}


   Skills:
 + Level 4.2 Fighting
 - Level 3.0 Maces & Flails
 + Level 3.1 Dodging
 + Level 3.5 Stealth


You had 3 spell levels left.
You didn't know any spells.
Your spell library contained the following spells:

 Spells                   Type           Power      Damage    Failure   Level
 Magic Dart               Conj           0%         1d3       100%        1
 Searing Ray              Conj           0%         2d4       100%        2
 Fulminant Prism          Conj/Hex       0%         3d5       100%        4


Dungeon Overview and Level Annotations

Branches:
Dungeon (3/15)

Altars:
Okawaru

Shops:
D:1 (

Annotations:
D:2 Sigmund
D:3 1 transporter


Innate Abilities, Weirdness & Mutations

You are immune to sickness and miasma.
Your stone body is resilient. (AC +3)
You are immune to poison.
You resist negative energy. (rN+)
You are resistant to electric shocks. (rElec)
You are resistant to unholy torment.
You are immune to petrification.


Message History

The ball python grabs you. The ball python constricts you.
You escape the ball python's grasp.
You hit the ball python.
You kill the ball python!
The orc hits you with a +4 flail.
You barely miss the orc. The orc barely misses you.
You hit the orc.
The orc is heavily wounded.
The orc hits you with a +4 flail.
You closely miss the orc.
The orc is heavily wounded.
The orc hits you with a +4 flail.
You hit the orc but do no damage.
The orc is moderately wounded.
The orc closely misses you.
You hit the orc but do no damage. Your punch misses the orc.
The orc is moderately wounded.
The orc wizard casts a spell.
The orc wizard flickers and vanishes!
Deactivating autopickup; reactivate with Ctrl-A.
The orc hits you with a +4 flail!
You hit the orc.
You feel better.
The orc is heavily wounded.
The orc hits you with a +4 flail! The orc attacks as you move away!
The orc hits you with a +4 flail!
* * * LOW HITPOINT WARNING * * *
You are confused.
There is a stone staircase leading up here.
The orc hits you but does no damage.
You climb upwards.
Level annotation: Sigmund Reactivating autopickup.
There is a stone staircase leading down here.
The orc hits you with a +4 flail.
* * * LOW HITPOINT WARNING * * *
You hit the orc but do no damage.
The orc is heavily wounded.
The orc hits you but does no damage. The orc hits you with a +4 flail.
You die...

##.#####.###.##..#......♣♣P.♣♣...
.#.......##..♣#♣.♣.♣.#.##♣♣♣♣#.##
.#####.####............# ##.#
.####...# #..♣#♣.♣#♣#..## #..#
.....)♣.# #.........##..## #.###
.###..P.###...#♣.♣#.##...# #....
....#.P.............###..#####...
.....................##..##...)..
....#...........@....##.....##)..
.#.##.#####....o............##...
......# #....>....###.##..####.
##.#### ###...########..###.# #..
...# #......>#♣♣♣ #.## #.###.#
##.######.#...#.♣♣.♣♣♣.# #......
........#.#.....♣PP.P♣.# ♣♣♣<...@
##.####.#.#.....♣....♣.#♣♣P....#.
#.####.#.#.###.♣♣....♣♣♣..♣♣....


You could see an orc.

Vanquished Creatures
  3 adders (D:2)
  A worm (D:2)
  A dart slug (D:2)
  7 orcs
  A bat (D:2)
  3 endoplasms
  5 giant cockroaches
  7 goblins
  A hobgoblin (D:1)
  4 kobolds
  3 quokkas
  4 ball pythons
  2 rats
42 creatures vanquished.

Vanquished Creatures (others)
  3 plants (D:2)
3 creatures vanquished.

Grand Total: 45 creatures vanquished

Notes
Turn   | Place    | Note
-------+----------+-------------------------------------------
     0 | D:1      | Harunobu the Gargoyle Monk began the quest for the Orb.
     0 | D:1      | Reached XP level 1. HP: 14/14 MP: 1/1
    87 | D:1      | Reached XP level 2. HP: 18/19 MP: 2/2
   166 | D:1      | Found Siyxo's Weapon Shop.
   766 | D:2      | Reached XP level 3. HP: 23/24 MP: 3/3
   771 | D:2      | Found a faded altar of an unknown god.
  1226 | D:2      | Reached skill level 4 in Fighting
  1226 | D:2      | Reached XP level 4. HP: 29/29 MP: 4/4
  1565 | D:2      | Noticed Sigmund
  1897 | D:3      | Found a transporter.
  1910 | D:3      | Found an iron altar of Okawaru.
  1934 | D:2      | Slain by an orc

Illustrated notes

Levels and vault maps discovered:
D:1:      minmay_arrival_doors, layout_rooms, serial_shops, shop
D:2:      layout_loops_cross, ebering_ecumenical_altar_webs, serial_forest,
          infiniplex_forest_split, infiniplex_forest_clump_cross,
          infiniplex_forest_lined_4_way, infiniplex_forest_split,
          infiniplex_forest_clump_tiny, uniq_sigmund
D:3:      layout_loops_ring, lemuel_round_altar, gammafunk_ghost_mausoleum,
          kennysheep_orc_chapel

Skill      XL: |  1  2  3 |
---------------+----------+-----
Stealth        | 3 |  3.5
Fighting       | 4 |  4.2
Dodging        | 3 |  3.1
Maces & Flails | |  3.0

Action                   |  1- 3 |  4- 6 || total
-------------------------+-------+-------++-------
Melee: Mace              |    15 |       ||    15
       Dagger            |   130 |    73 ||   203
       Punch             |     2 |       ||     2
 Stab: Sleeping          |     1 |       ||     1
Armor: Robe              |    13 |       ||    13
       Plate armour      |    96 |    41 ||   137
Dodge: Dodged            |    45 |    17 ||    62

Table legend: (Time is in decaauts)
 A = Elapsed time spent in this place.
 B = Non-inter-level travel time spent in this place.
 C = Inter-level travel time spent in this place.
 D = Time resting spent in this place.
 E = Time spent auto-exploring this place.
 F = Levels seen in this place.
 G = Mean time per level.
                   A        B        C        D        E       F      G
               +--------+--------+--------+--------+--------+-----+--------+
         Total |   1937 |   1881 |     56 |    380 |    944 |   3 |  645.7 |
       Dungeon |   1937 |   1881 |     56 |    380 |    944 |   3 |  645.7 |
               +--------+--------+--------+--------+--------+-----+--------+

Top non-repeatable levels by time:
     D:2: 886 daAuts
     D:1: 762 daAuts
     D:3: 288 daAuts
